 Dungeon Sprint DCSS version 0.30-a0-652-gcc886f7154 (webtiles) character file.

Game seed: 6941057729311730164

1940 BigDaddyOpFi the Cleaver (level 9, -1/92 HPs)
             Began as a Hill Orc Fighter on Jan 17, 2023.
             Was a Believer of Qazlal.
             Slain by a boulder beetle (15 damage)
             ... in the Dungeon (Sprint IX: "|||||||||||||||||||||||||||||").
             The game lasted 00:01:09 (691 turns).

BigDaddyOpFi the Cleaver (Hill Orc Fighter)          Turns: 691, Time: 00:01:10

Health: -1/92      AC: 12    Str: 23    XL:     9   Next: 18%
Magic:  9/9        EV: 10    Int: 11    God:    Qazlal [**....]
Gold:   0          SH: 10    Dex: 13    Spells: 8/8 levels left

rFire   . . .      SeeInvis .    m - +1 broad axe (heavy)
rCold   . . .      Faith    .    c - +0 buckler
rNeg    . . .      Spirit   .    p - +2 ring mail
rPois   .          Reflect  .    (no helmet)
rElec   .          Harm     .    n - +0 cloak
rCorr   .          Rampage  .    (no gloves)
Will    .....      NoTele   +    o - +0 pair of boots
Stlth   +                        (no amulet)
HPRegen 0.35/turn                q - +3 ring of intelligence
MPRegen 0.11/turn                r - +3 ring of dexterity

@: no status effects
A: no striking features
a: Renounce Religion, Upheaval


You were in the Dungeon.
You worshipped Qazlal.
Qazlal was pleased with you.
You visited 1 branch

Inventory:

Hand Weapons
 a - a +0 war axe
 m - a +1 heavy broad axe (weapon)
Armour
 c - a +0 buckler (worn)
 n - a +0 cloak (worn)
 o - a +0 pair of boots (worn)
 p - a +2 ring mail (worn)
Jewellery
 q - a +3 ring of intelligence (left hand)
 r - a +3 ring of dexterity (right hand)
Wands
 l - a wand of acid (4) (quivered)
Scrolls
 j - 2 scrolls of blinking
 k - 2 scrolls of amnesia
Potions
 d - a potion of invisibility
 e - a potion of heal wounds
 f - 4 potions of curing
 g - a potion of haste
 h - 4 potions of magic
 i - a potion of berserk rage


   Skills:
 + Level 12.6 Fighting
 + Level 13.3 Axes
 + Level 11.6 Armour
 + Level 11.6 Shields


You had 8 spell levels left.
You didn't know any spells.
Your spell library was empty.

Dungeon Overview and Level Annotations

Branches:
Dungeon (1/1)

Altars:
Cheibriados
Dithmenos
Elyvilon
Fedhas
Gozag
Hepliaklqana
Kikubaaqudgha
Makhleb
Nemelex Xobeh
Okawaru
Qazlal
Ru
Sif Muna
Trog
Uskayaw
Vehumet
Wu Jian
Xom
Yredelemnul
Zin
The Shining One
Beogh
Jiyva
Lugonu


Message History

The centaur warrior is severely wounded.
You hit the boulder beetle but do no damage.
You block the centaur warrior's attack.
The centaur warrior kicks you but does no damage.
The boulder beetle bites you!! The centaur warrior closely misses you.
The centaur warrior kicks you but does no damage.
You block the boulder beetle's attack.
You hit the boulder beetle but do no damage.
The boulder beetle is heavily wounded.
You slash the centaur warrior!
You block the centaur warrior's attack. x2
The centaur warrior misses you. The centaur warrior barely misses you.
The boulder beetle bites you!
You hit the boulder beetle but do no damage.
The boulder beetle is heavily wounded.
You slice the centaur warrior!!
You kill the centaur warrior!
Qazlal accepts your kill. You block the boulder beetle's attack.
The boulder beetle bites you!
* * * LOW HITPOINT WARNING * * *
Your Fighting skill increases to level 12!
Your Axes skill increases to level 13!
Your Armour skill increases to level 11!
Your Shields skill increases to level 11!
You have reached level 9!
Your experience leads to an increase in your attributes!
Your base attributes are Str 21, Int 8, Dex 10.
Increase (S)trength, (I)ntelligence, or (D)exterity?
You feel stronger. x2
You hit the boulder beetle but do no damage.
The boulder beetle is heavily wounded.
You slice the battlesphere!!
You destroy the battlesphere!
The boulder beetle bites you.
* * * LOW HITPOINT WARNING * * *
You slash the boulder beetle!
The boulder beetle is severely wounded.
You closely miss the troll. You block the troll's attack. The troll claws you!
* * * LOW HITPOINT WARNING * * *
The troll claws you but does no damage. The boulder beetle bites you!
You die...

▓.▓
▓[▓
▓'▓
▓)▓
▓)▓
▓)▓
▓.▓
▓B▓
▓@▓
▓T▓
▓Q▓
▓.▓
▓.▓
▓.▓
▓.▓
▓.▓


You could see a boulder beetle, a troll and a tengu conjurer.

Vanquished Creatures
  A centaur warrior (D)
  A gargoyle (D)
  A troll (D)
  2 yaks (D)
  An acid dragon (D)
  2 orc warriors (D)
  2 centaurs (D)
  A phantom (D)
  An adder (D)
  An ufetubus (D)
  An orc (D)
  A ball python (D)
  2 bats (D)
  A frilled lizard (D)
  A rat (D)
19 creatures vanquished.

Notes
Turn   | Place    | Note
-------+----------+-------------------------------------------
     0 | D        | BigDaddyOpFi the Hill Orc Fighter began the quest for the
                  | Orb.
     0 | D        | Reached XP level 1. HP: 19/19 MP: 1/1
     8 | D        | Reached skill level 3 in Axes
    18 | D        | Noticed a phantom
    18 | D        | Noticed a centaur
    23 | D        | Killed a phantom
    24 | D        | Reached skill level 5 in Axes
    24 | D        | Reached skill level 5 in Armour
    24 | D        | Reached skill level 5 in Shields
    24 | D        | Reached XP level 2. HP: 14/30 MP: 2/2
    24 | D        | Reached XP level 3. HP: 17/37 MP: 3/3
    24 | D        | Reached XP level 4. HP: 21/44 MP: 4/4
    36 | D        | Reached skill level 6 in Axes
    39 | D        | Killed a centaur
    40 | D        | Reached skill level 7 in Axes
    40 | D        | Reached XP level 5. HP: 29/52 MP: 5/5
   186 | D        | Found a roughly hewn altar of Beogh.
   186 | D        | Found a snail-covered altar of Cheibriados.
   186 | D        | Found a shadowy altar of Dithmenos.
   186 | D        | Found a white marble altar of Elyvilon.
   186 | D        | Found a blossoming altar of Fedhas.
   186 | D        | Found an opulent altar of Gozag.
   187 | D        | Found a hazy altar of Hepliaklqana.
   188 | D        | Found a viscous altar of Jiyva.
   189 | D        | Found an ancient bone altar of Kikubaaqudgha.
   190 | D        | Found a corrupted altar of Lugonu.
   191 | D        | Found a burning altar of Makhleb.
   192 | D        | Found a sparkling altar of Nemelex Xobeh.
   193 | D        | Found an iron altar of Okawaru.
   194 | D        | Found a stormy altar of Qazlal.
   195 | D        | Found a sacrificial altar of Ru.
   196 | D        | Found a shimmering blue altar of Sif Muna.
   197 | D        | Found a bloodstained altar of Trog.
   198 | D        | Found a hide-covered altar of Uskayaw.
   199 | D        | Found a radiant altar of Vehumet.
   200 | D        | Found an ornate altar of the Wu Jian Council.
   201 | D        | Found a shimmering altar of Xom.
   202 | D        | Became a worshipper of Qazlal Stormbringer
   203 | D        | Found a basalt altar of Yredelemnul.
   204 | D        | Found a glowing silver altar of Zin.
   205 | D        | Found a glowing golden altar of the Shining One.
   259 | D        | Noticed a troll
   259 | D        | Noticed a yak
   259 | D        | Noticed an orc warrior
   259 | D        | Noticed an orc warrior
   259 | D        | Noticed a yak
   259 | D        | Noticed a centaur
   264 | D        | Killed a troll
   264 | D        | Killed a yak
   264 | D        | Killed an orc warrior
   264 | D        | Reached * piety under Qazlal
   265 | D        | Reached skill level 10 in Fighting
   265 | D        | Reached skill level 10 in Axes
   265 | D        | Reached XP level 6. HP: 15/66 MP: 6/6
   265 | D        | Reached XP level 7. HP: 16/72 MP: 7/7
   271 | D        | Killed a yak
   271 | D        | Reached ** piety under Qazlal
   272 | D        | Reached skill level 11 in Axes
   272 | D        | Reached skill level 10 in Armour
   272 | D        | Reached skill level 10 in Shields
   272 | D        | Reached XP level 8. HP: 9/82 MP: 8/8
   677 | D        | Noticed a gargoyle
   677 | D        | Noticed a boulder beetle
   677 | D        | Noticed a centaur warrior
   677 | D        | Noticed a tengu conjurer
   677 | D        | Noticed a troll
   679 | D        | Killed a gargoyle
   680 | D        | Reached skill level 12 in Axes
   689 | D        | Killed a centaur warrior
   690 | D        | Reached skill level 13 in Axes
   690 | D        | Reached XP level 9. HP: 25/92 MP: 9/9
   691 | D        | Slain by a boulder beetle

Illustrated notes

Levels and vault maps discovered:
D:        linesprint [early_d, line_temple, items_1, d_10, items_2, lair_1,
          lair_end, items_3, orc_1, orc_end, items_4, d_15, swamp_1, shoals_1,
          snake_1, spider_1, d_20, vaults_1, items_5, swamp_end, shoals_end,
          snake_end, spider_end, vaults_end, d_27, items_6, zot_1, zot_end,
          crypt_end, forest_end, elf_end, slime_end, tomb_end, abyss_end,
          pan_hell_end]

Skill      XL: |  1  2  3  4  5  6  7  8 |
---------------+-------------------------+-----
Axes           | 5 7 10 11 13 | 13.3
Fighting       | 6 7 10 11 12 | 12.6
Armour         | 5 6 9 10 11 | 11.6
Shields        | 5 6 9 10 11 | 11.6

Action                   |  1- 3 |  4- 6 |  7- 9 || total
-------------------------+-------+-------+-------++-------
Melee: War axe           |    13 |    13 |       ||    26
       Broad axe         |       |     2 |    16 ||    18
Evoke: Wand              |       |     3 |     3 ||     6
  Use: Potion            |       |     3 |     1 ||     4
Armor: Scale mail        |     5 |    10 |       ||    15
       Ring mail         |       |     6 |    10 ||    16
Dodge: Dodged            |     4 |    14 |    10 ||    28
Block: Buckler           |     2 |     3 |    19 ||    24

Table legend: (Time is in decaauts)
 A = Elapsed time spent in this place.
 B = Non-inter-level travel time spent in this place.
 C = Inter-level travel time spent in this place.
 D = Time resting spent in this place.
 E = Time spent auto-exploring this place.
 F = Levels seen in this place.
 G = Mean time per level.
                   A        B        C        D        E       F      G
               +--------+--------+--------+--------+--------+-----+--------+
         Total |    706 |    706 |      0 |    541 |      0 |   1 |  706.0 |
       Dungeon |    706 |    706 |      0 |    541 |      0 |   1 |  706.0 |
               +--------+--------+--------+--------+--------+-----+--------+

Top non-repeatable levels by time:
       D: 706 daAuts
